 Dungeon Crawl Stone Soup version 0.28-a0-1518-gbe868bca14 (webtiles) character file.

Game seed: 11339098421201250474

4022 enile the Fighter (level 10, -9/78 HPs)
             Began as a Djinni Wanderer on Jan 16, 2022.
             Was a Priest of Elyvilon.
             Shot with a bolt by an orc (12 damage)
             ... in a bailey.
             The game lasted 00:37:06 (15012 turns).

enile the Fighter (Djinni Wanderer)                Turns: 15012, Time: 00:37:07

Health: -9/78      AC:  4    Str: 11    XL:     10   Next: 47%
Gold:   301        EV: 14    Int: 17    God:    Elyvilon [***...] SH:  0 Dex: 14

rFire   + + .      SeeInvis .   l - +3 whip (protect)
rCold   . . .      Faith    .   (no shield)
rNeg    . . .      Spirit   .   b - +2 robe {Will+}
rPois   ∞          Reflect  .   (no helmet)
rElec   .          Harm     .   (no cloak)
rCorr   .          Rampage  .   (no gloves)
Will    ++...                   (boots unavailable)
Stlth   ++........              (no amulet)
HPRegen 0.23/turn               n - ring of protection from cold
MPRegen 0.00/turn               (no ring)

@: flying
A: sickness immunity, fire resistance 2, cold vulnerability 1, float, innate
caster, hp casting, extra vitality 1
a: Renounce Religion, Purification, Heal Other, Heal Self


You were in a bailey.
You worshipped Elyvilon.
Elyvilon was most pleased with you.
You visited 1 branch of the dungeon, and saw 9 of its levels.
You also visited: Sewer and Bailey.

You collected 301 gold pieces.

Inventory:

Hand Weapons
 a - a +0 dagger
 h - a +0 dagger of venom
 j - a +3 dagger
 l - a +3 whip of protection (weapon)
 r - a +5 antimagic mace
 u - a +1 hand axe of venom
 y - a +1 long sword of holy wrath
 C - a +1 halberd of flaming
Missiles
 q - 9 javelins
 v - 3 boomerangs
Armour
 b - a +2 robe of willpower (worn)
 c - a +2 leather armour
 D - +0 swamp dragon scales
Jewellery
 n - a ring of protection from cold (left hand)
Wands
 f - a wand of iceblast (7)
 w - a wand of flame (9)
Scrolls
 g - 3 scrolls of teleportation
 k - 2 scrolls of silence
 s - a scroll of enchant armour
 E - a scroll of fear
Potions
 d - 3 potions of curing
 e - 2 potions of lignification
 i - a potion of degeneration
 m - a potion of heal wounds
 o - 2 potions of brilliance
 p - a potion of mutation
 t - a potion of resistance
 x - a potion of haste {unknown}
 z - a potion of might
 A - a potion of invisibility {unknown}
 B - a potion of cancellation {unknown}


   Skills:
 - Level 9.0 Fighting
 - Level 1.0 Short Blades
 - Level 5.0 Maces & Flails
 - Level 6.0 Dodging
 - Level 2.0 Stealth
 - Level 6.6 Spellcasting
 + Level 3.0 Invocations
 - Level 2.6 Evocations


You had 9 spell levels left.
You knew the following spells:

 Your Spells              Type           Power      Damage    Failure   Level
a - Portal Projectile     Hex/Tloc       56%        N/A       2%          3
b - Slow                  Hex            100%       N/A       1%          1
c - Animate Skeleton      Necr           56%        N/A       1%          1
d - Searing Ray           Conj           56%        2d6       1%          2
e - Dazzling Flash        Conj/Hex       56%        N/A       2%          3
f - Stone Arrow           Conj/Erth      56%        3d10      2%          3

Your spell library contained the following spells:

 Spells                   Type           Power      Damage    Failure   Level


Dungeon Overview and Level Annotations

Branches:
Dungeon (9/15)             Temple (0/1) D:4           Sewer (visited)
 Bailey (1/1)
   Lair: D:8-11         Orc: D:9-12

Altars:
Dithmenos
Elyvilon

Shops:
D:5 *


Innate Abilities, Weirdness & Mutations

You are immune to sickness and miasma.
You are immune to poison.
Your flesh is very heat resistant. (rF++)
You are vulnerable to cold. (rC-)
You float through the air rather than walking.
You learn spells naturally, not from books.
Your magical power is your life essence.
You have superior vitality. (+4 MHP)


Message History

The orc shouts!
The orc warrior shoots a bolt.
The bolt closely misses you.
The orc shoots a bolt.
The bolt barely misses you.
The orc warrior shoots a bolt.
The bolt hits you!
The orc warrior shouts!
The orc warrior shoots a bolt.
The bolt misses you.
The orc warrior shoots a bolt.
The bolt hits you!!
Found a gate leading back out of this place.
The orc shoots a bolt.
The bolt closely misses you.
Aiming: Stone Arrow (mildly dangerous; 2% risk of failure)
Press: ? - help, Q - select action, (/) - cycle Shift-Dir - straight line, f - orc
Aim: an orc, wielding a +0 arbalest, wearing a +0 ring mail and quivering bolts (75% to hit)
The stone arrow hits the orc!
You kill the orc!
An orc warrior is nearby!
Aiming: Stone Arrow (mildly dangerous; 2% risk of failure)
Press: ? - help, Q - select action, (/) - cycle Shift-Dir - straight line, f - you
Okay, then.
The orc warrior shoots a bolt.
The bolt hits you!
The orc warrior shoots a bolt.
The bolt closely misses you.
The orc shouts!
There are monsters nearby!
There are monsters nearby!
There are monsters nearby!
There are monsters nearby!
There are monsters nearby!
There are monsters nearby!
The orc suddenly curses.
The orc shoots a bolt.
The bolt closely misses you.
The orc shoots a bolt.
The bolt closely misses you.
The orc shoots a bolt.
The bolt barely misses you.
The orc shoots a bolt.
The bolt hits you.
The orc shoots a bolt.
The bolt barely misses you.
The orc shoots a bolt.
The bolt hits you!
The orc shoots a bolt.
The bolt hits you!
* * * LOW HITPOINT WARNING * * *
The orc shoots a bolt.
The bolt hits you!
* * * LOW HITPOINT WARNING * * *
The orc shoots a bolt.
The bolt hits you!
You die...

#.....≈≈≈≈≈≈≈#
#.....≈≈≈≈≈≈≈#
#.....≈≈≈≈≈≈≈≈≈≈≈#
#.....≈≈≈≈≈≈≈≈≈≈≈#
#.....o≈≈≈≈≈≈≈≈≈≈#
#.....≈≈#.##≈≈≈≈≈######
#.....≈##.∩#≈≈≈≈≈≈≈≈≈≈≈
#.....≈#oo..≈≈≈≈≈≈≈≈≈≈≈
#.....@##o##≈≈≈≈≈≈≈≈≈≈≈
#.....≈≈###≈≈≈≈≈≈≈≈≈≈≈≈
#.....≈≈≈≈≈≈o≈≈≈≈≈≈≈≈≈≈
#..........)...........
#......................
#......................
#∩.....................
#######################


You could see 2 orc warriors and an orc.

Vanquished Creatures
  Harold (D:7)
  Maggie (D:8)
  A vampire (D:8)
  4 yaks
  Menkaure (D:5)
  A water moccasin (D:8)
  2 black bears (D:6)
  3 orc warriors (Bailey)
  An ogre (D:5)
  2 hornet zombies (D:6)
  4 bullfrogs
  A wyvern zombie (D:8)
  3 scorpions
  A wight (D:7)
  2 centaur zombies
  2 bullfrog zombies (D:5)
  3 jellies
  3 orc priests
  2 gnoll shamans
  6 orc wizards
  An iguana (D:6)
  7 gnolls
  8 river rats
  10 adders
  3 worms (D:2)
  3 dart slugs
  24 orcs
  8 bats
  6 endoplasms
  12 giant cockroaches
  9 goblins
  8 hobgoblins
  3 jackals (D:2)
  5 quokkas
  15 ball pythons
  6 frilled lizards
  9 kobolds
  33 rats
214 creatures vanquished.

Vanquished Creatures (others)
  An orc (D:8)
  A demonic plant (D:1)
  2 plants (D:4)
4 creatures vanquished.

Grand Total: 218 creatures vanquished

Notes
Turn   | Place    | Note
-------+----------+-------------------------------------------
     0 | D:1      | enile the Djinni Wanderer began the quest for the Orb.
     0 | D:1      | Reached XP level 1. HP: 15/15 MP: 0/0
   480 | D:1      | Found a faded altar of an unknown god.
   486 | D:1      | Reached XP level 2. HP: 18/21 MP: 0/0
  1188 | D:1      | Reached XP level 3. HP: 19/25 MP: 0/0
  1188 | D:1      | Learned a level 1 spell: Animate Skeleton
  1864 | D:1      | Prayed at the altar of an unknown god.
  1864 | D:1      | Became a worshipper of Elyvilon the Healer
  1864 | D:1      | Reached * piety under Elyvilon
  2382 | D:2      | Reached skill level 1 in Fighting
  2412 | D:2      | Reached XP level 4. HP: 27/32 MP: 0/0
  2830 | D:2      | Reached skill level 2 in Fighting
  3222 | D:2      | Reached skill level 1 in Short Blades
  3544 | D:3      | Reached ** piety under Elyvilon
  3614 | D:3      | Reached XP level 5. HP: 29/38 MP: 0/0
  3614 | D:3      | Learned a level 2 spell: Searing Ray
  4673 | D:4      | Reached skill level 3 in Fighting
  4839 | D:4      | You are sucked into a shaft and drop 1 floor!
  4839 | D:5      | Entered Level 5 of the Dungeon
  4868 | D:5      | Found Wamuosm's General Store.
  4870 | D:5      | Noticed a bullfrog
  4881 | D:5      | Killed a bullfrog
  4882 | D:5      | Reached skill level 4 in Fighting
  4882 | D:5      | Reached XP level 6. HP: 38/47 MP: 0/0
  5036 | D:5      | HP: 1/47 [orc (8)]
  5582 | D:4      | Found a staircase to the Ecumenical Temple.
  5584 | D:4      | Reached *** piety under Elyvilon
  6175 | D:5      | Reached XP level 7. HP: 28/52 MP: 0/0
  6175 | D:5      | Learned a level 3 spell: Dazzling Flash
  6320 | D:5      | Noticed a yak
  6320 | D:5      | Noticed a yak
  6321 | D:5      | Noticed a yak
  6332 | D:5      | Noticed a yak
  6994 | D:5      | Noticed Menkaure
  7005 | D:5      | Killed Menkaure
  7006 | D:5      | Reached skill level 1 in Maces & Flails
  7245 | D:5      | Reached skill level 5 in Fighting
  7654 | D:5      | Reached XP level 8. HP: 56/59 MP: 0/0
  7766 | D:5      | Killed a yak
  7965 | D:4      | Killed a yak
  7966 | D:4      | Reached skill level 5 in Spellcasting
  8425 | D:5      | Reached skill level 6 in Fighting
  8525 | D:5      | Killed a yak
  8937 | D:5      | Killed a yak
  9451 | D:6      | Reached XP level 9. HP: 44/67 MP: 0/0
  9451 | D:6      | Learned a level 3 spell: Stone Arrow
  9660 | D:6      | Reached skill level 7 in Fighting
  9660 | D:6      | Reached skill level 1 in Stealth
  9890 | D:6      | Found a glowing drain.
  9901 | Sewer    | Entered a sewer
 11207 | Sewer    | Reached skill level 8 in Fighting
 11924 | D:6      | Found a shadowy altar of Dithmenos.
 12204 | D:7      | Noticed Harold
 12488 | D:7      | Reached skill level 5 in Maces & Flails
 12850 | D:6      | You are sucked into a shaft and drop 3 floors!
 13345 | D:8      | Noticed Maggie
 13370 | D:7      | HP: 4/105 [Harold/iceblast (14)]
 13375 | D:7      | Elyvilon protects you from harm!
 13377 | D:7      | Killed Harold
 13378 | D:7      | Reached XP level 10. HP: 6/77 MP: 0/0
 13773 | D:8      | Reached skill level 9 in Fighting
 13780 | D:8      | Killed Maggie
 13805 | D:8      | Found a flagged portal.
 13813 | D:8      | Reached skill level 1 in Invocations
 13866 | Bailey   | Entered a bailey
 15011 | Bailey   | HP: 3/78 [orc/bolt (10)]
 15012 | Bailey   | Shot with a bolt by an orc

Illustrated notes

Levels and vault maps discovered:
D:1:      heliophobic_arrival_henge, layout_loops_ring,
          shapermc_ecumenical_altar_gd
D:2:      layout_basic, eino_curves_03
D:3:      layout_rooms, kennysheep_generic_room_5
D:4:      layout_rooms, minmay_temple_entry_gardened_gates
D:5:      layout_basic, serial_shops, shop_statue, uniq_menkaure
D:6:      layout_basic, kennysheep_mini, portal_sewer_entry_e,
          minmay_misc_feat_plants
D:7:      layout_basic, serial_shops, shop, uniq_prince_ribbit1,
          uniq_crazy_yiuf_cottage, uniq_harold
D:8:      layout_cave_pools, enter_bailey_5, serial_shops, nicolae_shop_crystal,
          minmay_misc_feat_hallway, uniq_erica, uniq_pikel, uniq_maggie
D:9:      layout_gridville, erik_lair_island, grunt_ministairs_3,
          nicolae_shop_overcharged_wands
Bailey:   bailey_polearm_2, bailey

Skill      XL: |  1  2  3  4  5  6  7  8  9 10 |
---------------+-------------------------------+-----
Fighting       | 1 2 4 5 6 8 9 |  9.0
Short Blades   | 1 |  1.0
Spellcasting   | 3 4 5 6 |  6.6
Dodging        | 6 |  6.0
Maces & Flails | 2 3 5 |  5.0
Stealth        | 2 |  2.0
Invocations    | 3 |  3.0
Evocations     | |  2.6

Action                   |  1- 3 |  4- 6 |  7- 9 | 10-12 || total
-------------------------+-------+-------+-------+-------++-------
Melee: Dagger            |   242 |   151 |       |       ||   393
       Punch             |     3 |     2 |     5 |     1 ||    11
       Mace              |       |    25 |   121 |       ||   146
       Whip              |       |       |   195 |    14 ||   209
Throw: Javelin           |       |       |     9 |     3 ||    12
       Boomerang         |       |       |     9 |     3 ||    12
 Cast: Slow              |    46 |    20 |    44 |     2 ||   112
       Portal Projectile |     5 |     2 |     2 |       ||     9
       Animate Skeleton  |     2 |       |       |       ||     2
       Searing Ray       |       |    22 |    33 |       ||    55
       Dazzling Flash    |       |       |    10 |       ||    10
       Stone Arrow       |       |       |    41 |    42 ||    83
Invok: Heal Self         |       |       |     5 |     2 ||     7
Evoke: Wand              |       |       |     3 |       ||     3
  Use: Scroll            |       |     4 |    13 |       ||    17
       Potion            |       |     1 |     5 |       ||     6
 Stab: Sleeping          |     1 |     1 |     2 |       ||     4
       Distracted        |     1 |       |       |       ||     1
       Invisible         |       |       |     3 |       ||     3
Armor: Leather armour    |    88 |    63 |    15 |       ||   166
       Robe              |       |       |   109 |    10 ||   119
       Skin              |       |       |     1 |     1 ||     2
Dodge: Dodged            |   190 |   132 |   348 |    43 ||   713

Table legend: (Time is in decaauts)
 A = Elapsed time spent in this place.
 B = Non-inter-level travel time spent in this place.
 C = Inter-level travel time spent in this place.
 D = Time resting spent in this place.
 E = Time spent auto-exploring this place.
 F = Levels seen in this place.
 G = Mean time per level.
                   A        B        C        D        E       F      G
               +--------+--------+--------+--------+--------+-----+--------+
         Total |  15054 |  14675 |    379 |   3863 |   8042 |  11 | 1368.5 |
       Dungeon |  12392 |  12013 |    379 |   2830 |   6841 |   9 | 1376.9 |
         Sewer |   1517 |   1517 |      0 |    450 |    807 |   1 | 1517.0 |
        Bailey |   1144 |   1144 |      0 |    583 |    394 |   1 | 1144.0 |
               +--------+--------+--------+--------+--------+-----+--------+

Top non-repeatable levels by time:
     D:5: 3479 daAuts
     D:1: 2167 daAuts
     D:6: 1644 daAuts
   Sewer: 1517 daAuts
     D:4: 1464 daAuts
     D:3: 1411 daAuts
     D:2: 1166 daAuts
  Bailey: 1144 daAuts
     D:9: 494 daAuts
     D:7: 443 daAuts
     D:8: 122 daAuts
